 Dungeon Crawl Stone Soup version 0.22-a0-467-g5c5de1c (webtiles) character file.

1403 nikopol the Thaumaturge (level 8, 0/41 HPs)
             Began as a Deep Elf Fire Elementalist on June 10, 2018.
             Was an Initiate of Vehumet.
             Slain by a sky beast (3 damage)
             ... on level 6 of the Dungeon.
             The game lasted 00:16:47 (6089 turns).

nikopol the Thaumaturge (DEFE)                      Turns: 6089, Time: 00:16:48

Health: 0/41       AC:  4    Str:  5    XL:     8   Next: 42%
Magic:  4/23       EV: 13    Int: 23    God:    Vehumet [......]
Gold:   284        SH:  0    Dex: 15    Spells: 10/25 levels left

rFire    . . .     SeeInvis .   (no weapon)
rCold    . . .     Gourm    .   (no shield)
rNeg     . . .     Faith    .   a - +0 robe
rPois    .         Spirit   .   o - +0 helmet
rElec    .         Reflect  .   (no cloak)
rCorr    .         Harm     .   m - +0 pair of gloves
MR       .....                  (no boots)
Stlth    ++........             (no amulet)
HPRegen  0.13/turn              (no ring)
MPRegen  0.18/turn              (no ring)

@: no status effects
A: no striking features
a: Renounce Religion


You were on level 6 of the Dungeon.
You worshipped Vehumet.
Vehumet was noncommittal.
You were not hungry.

You visited 1 branch of the dungeon, and saw 6 of its levels.

You collected 284 gold pieces.

Inventory:

Armour
 a - a +0 robe (worn)
 m - a +0 pair of gloves (worn)
 o - a +0 helmet (worn)
Jewellery
 t - an uncursed ring of see invisible {unknown}
Wands
 k - a wand of digging (18)
Scrolls
 b - 3 scrolls of identify {unknown}
 f - 2 scrolls of fog {unknown}
 g - 3 scrolls of teleportation {unknown}
 j - a scroll of amnesia {unknown}
 p - a scroll of magic mapping {unknown}
 r - a scroll of fear {unknown}
 s - a scroll of enchant armour {unknown}
 x - a scroll of summoning {unknown}
 y - a scroll of remove curse {unknown}
Potions
 d - 3 potions of might {unknown}
 e - 4 potions of haste {unknown}
 h - 2 potions of agility {unknown}
 i - 3 potions of heal wounds {unknown}
 l - 2 potions of degeneration {unknown}
 n - a potion of mutation {unknown}
 q - a potion of lignification {unknown}
 u - 2 potions of curing {unknown}
 v - a potion of invisibility {unknown}
Comestibles
 c - 10 rations
 w - 7 chunks of flesh


   Skills:
 + Level 3.0 Dodging
 + Level 3.5 Stealth
 + Level 9.2 Spellcasting
 + Level 5.2 Conjurations
 + Level 7.2 Fire Magic


You had 10 spell levels left.
You knew the following spells:

 Your Spells              Type           Power        Failure   Level  Hunger
a - Flame Tongue          Conj/Fire      #####        1%          1    None
b - Throw Flame           Conj/Fire      #####.       1%          2    None
c - Conjure Flame         Conj/Fire      #####...     1%          3    None
d - Sticky Flame          Conj/Fire      #####...     4%          4    ##.....
e - Fireball              Conj/Fire      #####.....   13%         5    ####...

Your spell library contained the following spells:

 Spells                   Type           Power        Failure   Level  Hunger
 Inner Flame              Hex/Fire       ####....     4%          3    None


Dungeon Overview and Level Annotations

Branches:
Dungeon (6/15)             Temple (0/1) D:6

Altars:
Ashenzari
Dithmenos
Kikubaaqudgha
Makhleb
Trog
Vehumet
Wu Jian
Yredelemnul

Annotations:
D:2 Natasha


Message History

The sky beast burns!
The sky beast barely misses you.
Casting: Flame Tongue (safe; 1% risk of failure)
Confirm with . or Enter, or press ? or * to list all spells.
Aiming: Flame Tongue (safe; 1% risk of failure)
Press: ? - help, Shift-Dir - straight line, f/p - sky beast
Aim: a sky beast (severely wounded, slightly transparent, covered in liquid flames)
The flame tongue hits the sky beast.
The sky beast appears unharmed.
The sky beast is severely wounded.
The sky beast burns!
Something hits you. Something shocks you.
* * * LOW HITPOINT WARNING * * *
You closely miss something. Something hits you.
* * * LOW HITPOINT WARNING * * *
Something shocks you.
* * * LOW HITPOINT WARNING * * *
Casting: Flame Tongue (safe; 1% risk of failure)
Confirm with . or Enter, or press ? or * to list all spells.
Aiming: Sticky Flame (safe; 4% risk of failure)
Press: ? - help, Shift-Dir - straight line Something hits you.
You die...

#.# #.#...>. #.# #.......
#.# ##.#....) #### #.#
#........ ..### #.#
#..#.#.#. ....#
#.######........ #.#.#
##......<....####
#.#.###..#......#######
#5####.#...@.###............
#.........##..#...####..####
#..####.######...#.# #......
#.# ##.##.# ##.#### #.#
#.##.# #.# #.# #.##.# #)#
#.# #..... #.# ..# #.##.(
#.# ... #.# .. #.#


There were no monsters in sight!

Vanquished Creatures
  A hungry ghost (D:5)
  An ice beast (D:5)
  An ogre (D:6)
  A gnoll sergeant (D:5)
  A bullfrog (D:4)
  3 scorpions
  A centaur zombie (D:5)
  A jelly (D:5)
  2 orc priests (D:5)
  2 hounds (D:6)
  5 orc wizards
  A bullfrog skeleton (D:6)
  Natasha (D:2)
  4 worker ants
  13 gnolls
  10 adders
  4 oozes
  5 worms
  3 dart slugs
  3 leopard geckos
  10 orcs
  11 giant cockroaches
  11 goblins
  5 hobgoblins
  3 jackals
  8 kobolds
  3 quokkas
  3 ball pythons
  A ball python skeleton (D:4)
  6 bats
  5 frilled lizards
  A quokka zombie (D:5)
  3 rats
133 creatures vanquished.

Vanquished Creatures (others)
  An orc wizard (D:5)
  2 orcs (D:5)
3 creatures vanquished.

Grand Total: 136 creatures vanquished

Notes
Turn   | Place    | Note
-------+----------+-------------------------------------------
     0 | D:1      | nikopol the Deep Elf Fire Elementalist began the quest for the Orb.
     0 | D:1      | Reached XP level 1. HP: 10/10 MP: 6/6
   181 | D:1      | Reached XP level 2. HP: 15/15 MP: 5/8
   244 | D:1      | Found a shattered altar of Ashenzari.
   399 | D:1      | Learned a level 2 spell: Throw Flame
   773 | D:1      | Reached XP level 3. HP: 19/19 MP: 6/9
  1395 | D:2      | Reached skill level 4 in Spellcasting
  1452 | D:2      | Noticed Natasha
  1462 | D:2      | Killed Natasha
  1462 | D:2      | Reached XP level 4. HP: 22/24 MP: 4/12
  1539 | D:2      | Learned a level 3 spell: Conjure Flame
  1544 | D:2      | Learned a level 4 spell: Sticky Flame
  1844 | D:2      | Noticed Natasha
  2251 | D:3      | Found a basalt altar of Yredelemnul.
  2499 | D:3      | Reached XP level 5. HP: 28/28 MP: 9/14
  2792 | D:3      | Reached skill level 5 in Spellcasting
  2882 | D:4      | Found a shadowy altar of Dithmenos.
  2977 | D:4      | Reached skill level 5 in Fire Magic
  3157 | D:4      | Reached XP level 6. HP: 29/32 MP: 11/16
  3313 | D:4      | Found a bloodstained altar of Trog.
  3374 | D:4      | Reached skill level 6 in Spellcasting
  3853 | D:4      | Reached XP level 7. HP: 33/36 MP: 9/18
  4190 | D:5      | Entered Level 5 of the Dungeon
  4208 | D:5      | Found an ornate altar of the Wu Jian Council.
  4216 | D:5      | Reached skill level 7 in Spellcasting
  4315 | D:5      | Noticed a hungry ghost
  4628 | D:5      | Killed a hungry ghost
  4956 | D:5      | Learned a level 5 spell: Fireball
  4968 | D:5      | Reached skill level 8 in Spellcasting
  5108 | D:5      | Reached XP level 8. HP: 41/41 MP: 17/22
  5408 | D:5      | Found a radiant altar of Vehumet.
  5421 | D:5      | Found a burning altar of Makhleb.
  5427 | D:5      | Became a worshipper of Vehumet
  5759 | D:6      | Found a staircase to the Ecumenical Temple.
  5824 | D:6      | Reached skill level 5 in Conjurations
  5891 | D:6      | Found an ancient bone altar of Kikubaaqudgha.
  5976 | D:6      | Reached skill level 9 in Spellcasting
  6089 | D:6      | Slain by a sky beast

Vault maps used:
D:1:      saegor_arrival_simple_d, evilmike_ruin_ashenzari
D:2:      wad_woods_river_04, uniq_natasha
D:3:      yredelemnul_altar_generic, corexii_shack, serial_park_tiny_1
D:4:      lemuel_doored_altar, grunt_dithmenos_smoke_and_mirrors, first_ration
D:5:      overflow_temple_1_default, grunt_temple_overflow_lords_of_destruction,
          lemuel_flamethrower_2
D:6:      minmay_temple_entry_glass, basic_altar, minmay_joined_circles

Skill      XL: |  1  2  3  4  5  6  7  8 |
---------------+-------------------------+-----
Fire Magic     | 4 5 6 7 |  7.2
Spellcasting   | 4 5 6 8 9 |  9.2
Stealth        | 3 |  3.5
Conjurations   | 2 3 4 5 |  5.2
Dodging        | 3 |  3.0

Action                   |  1- 3 |  4- 6 |  7- 9 || total
-------------------------+-------+-------+-------++-------
Melee: Unarmed           |     1 |       |     3 ||     4
 Cast: Flame Tongue      |    71 |   107 |   122 ||   300
       Sticky Flame      |       |     7 |    11 ||    18
       Throw Flame       |       |     2 |     8 ||    10
       Conjure Flame     |       |     1 |     7 ||     8
  Eat: Chunk             |     1 |     8 |     8 ||    17
Armor: Robe              |     5 |     2 |     2 ||     9
Dodge: Dodged            |    17 |    14 |    20 ||    51

Table legend:
 A = Spawn XP
 B = Non-spawn XP
 C = Spawn XP percentage of total XP
 D = Spawn monster count
 E = Non-spawn monster count
 F = Spawn count percentage of total count
 G = Total turns spent on level
                    A         B        C        D         E        F      G
               +---------+---------+-------+---------+---------+-------+---------
         Total |       0 |    2005 |   0.0 |       0 |     133 |   0.0 |  6089
               +---------+---------+-------+---------+---------+-------+---------
           D:1 |       0 |      47 |   0.0 |       0 |      23 |   0.0 |  1105
           D:2 |       0 |     107 |   0.0 |       0 |      23 |   0.0 |  1076
           D:3 |       0 |      83 |   0.0 |       0 |      24 |   0.0 |   661
           D:4 |       0 |     563 |   0.0 |       0 |      28 |   0.0 |  1633
           D:5 |       0 |     908 |   0.0 |       0 |      26 |   0.0 |  1334
           D:6 |       0 |     297 |   0.0 |       0 |       9 |   0.0 |   280
               +---------+---------+-------+---------+---------+-------+---------
